 Dungeon Crawl Stone Soup version 0.31-a0-202-g547052bce9 (webtiles) character file.

Game seed: 16143041106658734265

19 qw the Shooter (level 2, -1/16 HPs)
             Began as a Deep Elf Hunter on June 26, 2023.
             Killed from afar by Natasha (3 damage)
             ... with a magic dart
             ... on level 2 of the Dungeon.
             The game lasted 00:00:12 (805 turns).

qw the Shooter (Deep Elf Hunter)                     Turns: 805, Time: 00:00:12

Health: -1/16      AC:  5    Str:  8    XL:     2   Next: 55%
Magic:  4/4        EV: 11    Int: 13    God:
Gold:   44         SH:  0    Dex: 24    Spells: 1/1 levels left

rFire   . . .        Y - +1 shortbow
rCold   . . .        (shield currently unavailable)
rNeg    . . .        g - +0 ring mail
rPois   .            (no helmet)
rElec   .            (no cloak)
rCorr   .            (no gloves)
SInv    .            (no boots)
Will    .....        (no amulet)
Stlth   ++           j - +6 ring of dexterity
HPRegen 0.22/turn    l - +4 ring of slaying {mikee}
MPRegen 0.09/turn

%: no passive effects
@: weak-willed
A: no striking features
a: no special abilities


You were on level 2 of the Dungeon.
You visited 1 branch of the dungeon, and saw 2 of its levels.

You collected 44 gold pieces.


   Skills:
 - Level 1.5 Fighting
 + Level 6.3 Ranged Weapons
 - Level 2.4 Dodging
 - Level 1.2 Stealth


You had one spell level left.
You didn't know any spells.
Your spell library was empty.

Inventory:

Hand Weapons
 Y - a +1 shortbow (weapon)
Armour
 g - a +0 ring mail (worn)
Jewellery
 j - a +6 ring of dexterity (left hand)
 l - a +4 ring of slaying (right hand) {mikee}
Potions
 e - a potion of curing {unknown}
 f - a potion of resistance {unknown}
 i - a potion of attraction {unknown}

Dungeon Overview and Level Annotations

Branches:
Dungeon (2/15)

Altars:

Annotations:
D:2 Natasha


Message History

l - a +4 ring of slaying (right hand) {mikee} Done exploring.
770 ||| READING scroll labelled JIEFOAGIDIS.
As you read the scroll labelled JIEFOAGIDIS, it crumbles to dust.
It is a scroll of enchant weapon.
Your +0 shortbow glows red for a moment.
Done exploring.
771 ||| READING scroll labelled SIDOYLLONIC.
As you read the scroll labelled SIDOYLLONIC, it crumbles to dust.
Magic quickly surges around you.
It was a scroll of vulnerability.
Done exploring.
772 ||| DROPPING scroll of butterflies.
You drop a scroll of butterflies.
Done exploring.
(D) Dungeon
Where to? (* - list waypoints, ? - help)
What level of the Dungeon? (default 1, ? - help)
There is an open door here.
There is a stone staircase leading down here.
You climb downwards.
Found 14 gold pieces.
Found a stone staircase leading down.
There is a stone staircase leading up here.
A rat is nearby!
Waypoint 1 assigned to D:2.
You shoot an arrow. The arrow hits the rat!
You kill the rat!
You hear an angry hiss. x2
A frilled lizard comes into view.
Natasha, Servant of Life and Death comes into view.
You hear a shout!
You shoot an arrow. The arrow closely misses Natasha.
You shoot an arrow. The arrow hits Natasha!
Natasha is almost dead.
Natasha stares at you and mumbles some strange words.
The magic dart hits you! Natasha casts a spell at you. The magic dart hits you!
805 ||| STAIRDANCE The frilled lizard barely misses you.
Natasha casts a spell at you. The magic dart hits you.
You die...

.... ... ##
.... #.. ...
.... #.# ##.#
..> ... ...#
#..#.#....#
..#.#...$##
#l........
#h@#
#...g.......#
........#.###
#.####..#...
# #..# ###
##.# #.# ..#


You could see Natasha, a hobgoblin and a frilled lizard.

Vanquished Creatures
  2 ball pythons (D:1)
  3 bats (D:1)
  An endoplasm (D:1)
  A giant cockroach (D:1)
  2 goblins (D:1)
  A hobgoblin (D:1)
  2 jackals (D:1)
  A kobold (D:1)
  2 frilled lizards (D:1)
  2 rats
17 creatures vanquished.

Notes
Turn   | Place    | Note
-------+----------+-------------------------------------------
     0 | D:1      | qw the Deep Elf Hunter began the quest for the Orb.
     0 | D:1      | Reached XP level 1. HP: 12/12 MP: 3/3
     0 | D:1      | 0 ||| qw: Version: 0.3-a-22-g0ed2b0b
     0 | D:1      | 0 ||| qw: Game counter: 5788
     0 | D:1      | 0 ||| qw: Melee chars always use a shield: true
     0 | D:1      | 0 ||| qw: God list: Okawaru
     0 | D:1      | 0 ||| qw: Allow faded altars: false
     0 | D:1      | 0 ||| qw: Do Orc after clearing Dungeon:15 true
     0 | D:1      | 0 ||| qw: Do second Lair branch before Depths: true
     0 | D:1      | 0 ||| qw: Lair rune preference: random
     0 | D:1      | 0 ||| qw: Goals: Normal
     0 | D:1      | 0 ||| PLANNING D:1-11
    98 | D:1      | Reached XP level 2. HP: 16/16 MP: 4/4
   183 | D:1      | Reached skill level 6 in Ranged Weapons
   746 | D:1      | 746 ||| UPGRADING to +0 scale mail.
   756 | D:1      | 756 ||| DROPPING +0 leather armour.
   757 | D:1      | 757 ||| UPGRADING to +0 ring mail.
   767 | D:1      | 767 ||| DROPPING +0 scale mail.
   768 | D:1      | 768 ||| UPGRADING to +6 ring of dexterity.
   769 | D:1      | 769 ||| UPGRADING to +4 ring of slaying {mikee}.
   770 | D:1      | 770 ||| READING scroll labelled JIEFOAGIDIS.
   771 | D:1      | 771 ||| READING scroll labelled SIDOYLLONIC.
   772 | D:1      | 772 ||| DROPPING scroll of butterflies.
   802 | D:2      | Noticed Natasha
   804 | D:2      | HP: 2/16 [Natasha/magic dart (7)]
   805 | D:2      | 805 ||| STAIRDANCE
   805 | D:2      | Killed from afar by Natasha

Levels and vault maps discovered:
D:1:      dpeg_arrival_arbitrary_c, layout_basic, minmay_stone_trees_medium
D:2:      layout_basic, uniq_natasha, uniq_crazy_yiuf_cottage, uniq_robin,
          uniq_sigmund

Skill      XL: |  1  2 |
---------------+-------+-----
Ranged Weapons | 6 |  6.3
Fighting       | |  1.5
Dodging        | |  2.4
Stealth        | |  1.2

Action                     || total
---------------------------++-------
   Fire: Shortbow          ||    31
    Use: Scroll            ||     2
  Dodge: Dodged            ||     2

Table legend:
 A = Non-vault XP
 B = Vault XP
 C = Vault XP percentage of total XP
 D = Non-vault monster count
 E = Vault monster count
 F = Vault count percentage of total count
                 A         B        C        D         E       F
            +---------+---------+-------+---------+---------+-------
      Total |      28 |       0 |   0.0 |      17 |       0 |   0.0
            +---------+---------+-------+---------+---------+-------
        D:1 |      27 |       0 |   0.0 |      16 |       0 |   0.0
        D:2 |       1 |       0 |   0.0 |       1 |       0 |   0.0
            +---------+---------+-------+---------+---------+-------
